 Dungeon Crawl Stone Soup version 0.30-a0-578-gdee14c521f (webtiles) character file.

Game seed: 13598208493284133858

136 wormed the Sneak (level 5, -5/33 HPs)
             Began as a Kobold Delver on Jan 1, 2023.
             Splashed by a jelly's acid (9 damage)
             ... on level 4 of the Dungeon.
             The game lasted 00:04:21 (3035 turns).

wormed the Sneak (Kobold Delver)                    Turns: 3035, Time: 00:04:21

Health: -5/33      AC: -4    Str:  9    XL:     5   Next: 43%
Magic:  5/5        EV: 15    Int: 12    God:
Gold:   134        SH:  0    Dex: 18    Spells: 4/4 levels left

rFire   . . .      SeeInvis .    r - +1 dagger (venom)
rCold   . . .      Faith    .    (no shield)
rNeg    . . .      Spirit   .    b - +1 leather armour
rPois   .          Reflect  .    (no helmet)
rElec   .          Harm     .    (no cloak)
rCorr   .          Rampage  .    (no gloves)
Will    .....                    (no boots)
Stlth   +++++                    (no amulet)
HPRegen 0.25/turn                (no ring)
MPRegen 0.09/turn                (no ring)

@: corroded
A: small, no large weapons, nightstalker 3
a: no special abilities


You were on level 4 of the Dungeon.
You visited 1 branch of the dungeon, and saw 5 of its levels.

You collected 134 gold pieces.

Inventory:

Hand Weapons
 a - a +0 short sword
 o - a +1 dagger of protection
 p - a +1 dagger of speed
 r - a +1 dagger of venom (weapon)
Armour
 b - a +1 leather armour (worn)
Jewellery
 q - a +6 ring of intelligence
Wands
 g - a wand of digging (3)
Scrolls
 c - a scroll of fog
 d - 2 scrolls of magic mapping
 j - 7 scrolls of identify {unknown}
 m - 2 scrolls of teleportation {unknown}
 n - a scroll of noise {unknown}
Potions
 e - a potion of attraction {unknown}
 i - a potion of might {unknown}
 k - a potion of invisibility {unknown}
 l - a potion of berserk rage {unknown}
 s - a potion of brilliance {unknown}


   Skills:
 + Level 4.0 Fighting
 * Level 4.8 Short Blades
 + Level 3.5 Dodging
 + Level 7.3 Stealth


You had 4 spell levels left.
You didn't know any spells.
Your spell library contained the following spells:

 Spells                   Type           Power      Damage    Failure   Level
 Summon Small Mammal      Summ           0%         N/A       43%         1
 Call Canine Familiar     Summ           0%         N/A       80%         3
 Summon Guardian Golem    Hex/Summ       0%         N/A       80%         3


Dungeon Overview and Level Annotations

Branches:
Dungeon (5/15)
 Temple: D:4-7

Altars:
Fedhas
Kikubaaqudgha

Annotations:
D:4 1 runed translucent door


Innate Abilities, Weirdness & Mutations

You are small and have problems with some larger weapons.
You are completely attuned to the shadows.


Message History

You hear a distant slurping noise.
You now have 119 gold pieces (gained 7).
There is a stone staircase leading down here.
Found a robe.
You now have 134 gold pieces (gained 15).
There is a stone staircase leading down here.
c - 2 scrolls of fog (gained 1)
s - a sapphire potion No target in view!
The jelly closely misses you.
A jelly is nearby!
A jelly is nearby!
You hit the jelly.
Your hands burn!
The jelly is lightly wounded.
The jelly barely misses you.
You hit the jelly.
Your hands burn!
The jelly is lightly wounded.
The jelly hits you but does no damage.
You hit the jelly.
Your hands burn!
The jelly is moderately wounded.
You hit the jelly.
Your hands burn!
The jelly is moderately wounded.
The jelly barely misses you.
You are too injured to fight recklessly!
You are too injured to fight recklessly!
As you read the scroll of fog, it crumbles to dust.
The scroll dissolves into smoke.
The jelly closely misses you.
You hit the jelly.
The jelly is poisoned.
The acid corrodes you!
Your hands burn!
The jelly is heavily wounded.
The jelly hits you.
You are splashed with acid!
* * * LOW HITPOINT WARNING * * *
You feel better. The jelly barely misses you.
As you read the scroll labelled DUEXUTEALU, it crumbles to dust.
It is a scroll of enchant armour.
Your +0 leather armour glows green for a moment.
The jelly hits you.
* * * LOW HITPOINT WARNING * * *
The acid corrodes you!
You are splashed with acid!
You die...

###### #....#
#....#### #....#.. ..
#§§§§#.#
...##§§§§#.##.
#....#§§§§§§....
#......§@J§#.###
#.......§§§#...
#......####.....
#.....#####.###.
#####>......
#####..........#.. .
#..[.......#.#.#.# #.
#.#.#.#....#.#.#.# #.
#..........#.#.#.####
#.


You could see a jelly (very poisoned).

Vanquished Creatures
  3 gnolls (D:2)
  4 adders
  A dart slug (D:3)
  4 bats
  3 bat zombies (D:3)
  7 endoplasms
  A giant cockroach (D:4)
  10 goblins
  5 hobgoblins
  4 jackals
  5 kobolds
  3 quokkas
  5 ball pythons
  5 frilled lizards
  5 rats
  2 rat zombies (D:3)
67 creatures vanquished.

Notes
Turn   | Place    | Note
-------+----------+-------------------------------------------
     0 | D:5      | wormed the Kobold Delver began the quest for the Orb.
     0 | D:5      | Reached XP level 1. HP: 14/14 MP: 1/1
    25 | D:5      | Noticed a scorpion
    40 | D:4      | Noticed an ogre
    69 | D:4      | Noticed a phantom
   104 | D:5      | Noticed a jelly
   104 | D:5      | Noticed a hound
   222 | D:3      | Reached XP level 2. HP: 19/19 MP: 2/2
   530 | D:1      | Reached XP level 3. HP: 23/23 MP: 3/3
  1075 | D:2      | Found a blossoming altar of Fedhas.
  1408 | D:2      | Reached skill level 7 in Stealth
  1408 | D:2      | Reached XP level 4. HP: 29/29 MP: 4/4
  1821 | D:3      | Reached XP level 5. HP: 16/33 MP: 5/5
  2522 | D:3      | Found an ancient bone altar of Kikubaaqudgha.
  2857 | D:4      | Found a runed translucent door.
  3032 | D:4      | HP: 1/33 [acid (12)]
  3035 | D:4      | Splashed by a jelly's acid

Illustrated notes

Levels and vault maps discovered:
D:1:      minmay_arrival_glassed_features, layout_loops_ring,
          minmay_tetromino_t2
D:2:      layout_loops_ring, basic_altar, chequers_serial_rivers_micro_c
D:3:      layout_loops_ring, lemuel_zombie_altar_kikubaaqudgha
D:4:      layout_basic, ebering_ghost_sewer_d, glass_columns_b, st_stairs_2
D:5:      layout_cave_pools, minivault_11, kennysheep_generic_room_5

Skill      XL: |  1  2  3  4  5 |
---------------+----------------+-----
Short Blades   | 3 4 |  4.8
Dodging        | 3 |  3.5
Stealth        | 7 |  7.3
Fighting       | 4 |  4.0

Action                   |  1- 3 |  4- 6 || total
-------------------------+-------+-------++-------
Melee: Short sword       |    42 |       ||    42
       Dagger            |    26 |   113 ||   139
  Use: Scroll            |     2 |     2 ||     4
       Potion            |     1 |     4 ||     5
 Stab: Sleeping          |    27 |    17 ||    44
Armor: Leather armour    |     8 |    10 ||    18
Dodge: Dodged            |    19 |    42 ||    61

Table legend: (Time is in decaauts)
 A = Elapsed time spent in this place.
 B = Non-inter-level travel time spent in this place.
 C = Inter-level travel time spent in this place.
 D = Time resting spent in this place.
 E = Time spent auto-exploring this place.
 F = Levels seen in this place.
 G = Mean time per level.
                   A        B        C        D        E       F      G
               +--------+--------+--------+--------+--------+-----+--------+
         Total |   2938 |   2791 |    147 |      0 |   2229 |   5 |  587.6 |
       Dungeon |   2938 |   2791 |    147 |      0 |   2229 |   5 |  587.6 |
               +--------+--------+--------+--------+--------+-----+--------+

Top non-repeatable levels by time:
     D:3: 1057 daAuts
     D:2: 834 daAuts
     D:1: 648 daAuts
     D:4: 357 daAuts
     D:5: 41 daAuts
